 Dungeon Crawl Stone Soup version 0.27-a0-1006-g1fd4cec11e (webtiles) character file.

Game seed: 10719155447113736364

50 mightbedylan the Skirmisher (level 3, 0/24 HPs)
             Began as a Gargoyle Monk on Apr 18, 2021.
             Was a Priest of Fedhas.
             Slain by a white imp (2 damage)
             ... summoned by Natasha
             ... on level 2 of the Dungeon.
             The game lasted 00:11:29 (2285 turns).

mightbedylan the Skirmisher (Gargoyle Monk)         Turns: 2285, Time: 00:11:30

Health: 0/24       AC:  5    Str: 15    XL:     3   Next: 79%
Magic:  3/3        EV: 12    Int: 10    God:    Fedhas [***...]
Gold:   44         SH:  0    Dex: 12    Spells: 2/2 levels left

rFire    . . .     SeeInvis .   a - +0 mace
rCold    . . .     Faith    .   (no shield)
rNeg     + . .     Spirit   .   b - +0 robe
rPois    ∞         Reflect  .   (no helmet)
rElec    +         Harm     .   (no cloak)
rCorr    .         Rampage  .   (no gloves)
Will     .....                  (no boots)
Stlth    ++........             (no amulet)
HPRegen  0.08/turn              j - ring of fire
MPRegen  0.08/turn              n - ring of ice

@: slowed, very slow
A: AC +3, negative energy resistance 1, electricity resistance, torment
resistance 1, unbreathing 1, petrification resistance
a: Renounce Religion, Wall of Briars, Grow Ballistomycete


You were on level 2 of the Dungeon.
You worshipped Fedhas.
Fedhas was most pleased with you.
You visited 1 branch of the dungeon, and saw 2 of its levels.

You collected 44 gold pieces.

Inventory:

Hand Weapons
 a - a +0 mace (weapon)
 i - a +0 hunting sling
 p - a +1 dagger of flaming
Missiles
 k - 30 stones (quivered)
Armour
 b - a +0 robe (worn)
Jewellery
 f - a ring of poison resistance
 j - a ring of fire (left hand)
 n - a ring of ice (right hand)
Scrolls
 h - a scroll of summoning {unknown}
 l - a scroll of enchant armour {unknown}
 m - a scroll of amnesia {unknown}
Potions
 c - a potion of curing {unknown}
 d - a potion of resistance {unknown}
 e - a potion of brilliance {unknown}
 g - a potion of haste {unknown}
 o - 2 potions of heal wounds


   Skills:
 + Level 3.9 Fighting
 + Level 3.4 Maces & Flails
 + Level 2.9 Dodging
 + Level 2.6 Stealth


You had 2 spell levels left.
You didn't know any spells.
Your spell library was empty.

Dungeon Overview and Level Annotations

Branches:
Dungeon (2/15)

Altars:
Fedhas
Zin

Shops:
D:2 =

Annotations:
D:2 Natasha


Innate Abilities, Weirdness & Mutations

Your stone body is resilient. (AC +3)
You are immune to poison.
You resist negative energy. (rN+)
You are resistant to electric shocks. (rElec)
You are resistant to unholy torment.
You can survive without breathing.
You are immune to petrification.


Message History

Natasha hisses angrily.
Found a fuming brown potion.
Natasha closely misses you.
You closely miss Natasha. Natasha claws you!
You barely miss Natasha. Natasha completely misses you.
Natasha casts a spell.
You hit Natasha.
Natasha is lightly wounded.
Natasha closely misses you.
You hit Natasha.
Natasha is heavily wounded.
Natasha drinks a potion.
Natasha is healed!
You hit Natasha.
Natasha is moderately wounded.
Natasha claws you. The shadow imp gestures at you.
Pain shoots through your body!
You closely miss Natasha.
Natasha is moderately wounded.
Natasha casts a spell at you.
You feel yourself slow down. The shadow imp barely misses you.
You hit Natasha.
Natasha is moderately wounded.
Natasha casts a spell.
The shadow imp hits you but does no damage.
Natasha casts a spell.
The shadow imp closely misses you.
You closely miss Natasha.
Natasha is moderately wounded.
Natasha claws you. The shadow imp closely misses you.
The white imp hits you but does no damage.
Natasha claws you.
The shadow imp hits you but does no damage.
The white imp hits you. The white imp freezes you.
* * * LOW HITPOINT WARNING * * *
The white imp hits you.
* * * LOW HITPOINT WARNING * * *
The white imp freezes you.
You die...
Fedhas appreciates your contribution to the ecosystem.

#.. ..## ####. #..!#.
... ..... ...#. ..# #+
#. .... .. ##.
.###..##.#### .. ###
............####.#####..
.....5...#.....#.#......
......5h5+..............
+#....#@.#..............
.#... #.##....###...._..
.... #.##....###.......
.#.####.........#.......
#
......#.........#.......
#.# .##..
#............#.......
#.# ##.....
#......##########....
#.# ......#
#............ . ...##
#.##......#
####'#...######...###


You could see Natasha, a crimson imp (summoned), a white imp (summoned) and a
shadow imp (summoned).

Vanquished Creatures
  A worm (D:2)
  3 ball pythons
  2 bats
  6 endoplasms
  2 giant cockroaches (D:1)
  5 goblins
  2 hobgoblins
  6 jackals
  4 kobolds
  A quokka (D:2)
  2 frilled lizards
  5 rats
39 creatures vanquished.

Vanquished Creatures (collateral kills)
  4 jackals (D:2)
4 creatures vanquished.

Grand Total: 43 creatures vanquished

Notes
Turn   | Place    | Note
-------+----------+-------------------------------------------
     0 | D:1      | mightbedylan the Gargoyle Monk began the quest for the Orb.
     0 | D:1      | Reached XP level 1. HP: 14/14 MP: 1/1
    57 | D:1      | Reached XP level 2. HP: 9/20 MP: 2/2
   696 | D:1      | Reached XP level 3. HP: 4/24 MP: 3/3
  1566 | D:2      | Found a faded altar of an unknown god.
  1611 | D:2      | Became a worshipper of Fedhas Madash
  1611 | D:2      | Reached * piety under Fedhas
  1611 | D:2      | Reached ** piety under Fedhas
  1626 | D:2      | Found a glowing silver altar of Zin.
  1911 | D:2      | Reached *** piety under Fedhas
  1941 | D:2      | Found Ocoakeg's Jewellery Shop.
  2271 | D:2      | Noticed Natasha
  2285 | D:2      | Slain by a white imp

Illustrated notes

Levels and vault maps discovered:
D:1:      psy_arrival_statuary, layout_basic, serial_rivers,
          chequers_serial_rivers_small_b, chequers_serial_rivers_room_a,
          chequers_serial_rivers_large_a, chequers_serial_rivers_micro_a
D:2:      layout_basic, basic_ecumenical_altar, basic_altar, serial_shops, shop,
          interstate_on_off, hangedman_feature_mirror, uniq_natasha

Action                   || total
-------------------------++-------
Melee: Mace              ||   129
Throw: Stone             ||     1
Invok: Wall of Briars    ||     1
 Stab: Sleeping          ||     4
Armor: Robe              ||    39
Dodge: Dodged            ||    83

Table legend: (Time is in decaauts)
 A = Elapsed time spent in this place.
 B = Non-inter-level travel time spent in this place.
 C = Inter-level travel time spent in this place.
 D = Time resting spent in this place.
 E = Time spent auto-exploring this place.
 F = Levels seen in this place.
 G = Mean time per level.
                   A        B        C        D        E       F      G
               +--------+--------+--------+--------+--------+-----+--------+
         Total |   2332 |   2332 |      0 |    247 |   1407 |   2 | 1166.0 |
       Dungeon |   2332 |   2332 |      0 |    247 |   1407 |   2 | 1166.0 |
               +--------+--------+--------+--------+--------+-----+--------+

Top non-repeatable levels by time:
     D:1: 1365 daAuts
     D:2: 966 daAuts
